 Dungeon Crawl Stone Soup version 0.28.0 (webtiles) character file.

Game seed: 10086407482825175669

28 HallandMoats the Ruffian (level 3, 31/31 HPs)
             Began as a Ghoul Monk on Feb 7, 2022.
             Was a Believer of Sif Muna.
             Safely got out of the dungeon.
             The game lasted 00:00:51 (662 turns).

HallandMoats the Ruffian (Ghoul Monk)                Turns: 662, Time: 00:00:52

Health: 31/31      AC:  5    Str: 16    XL:     3   Next: 14%
Magic:  2/2        EV: 11    Int:  5    God:    Sif Muna [**....]
Gold:   24         SH:  0    Dex: 11    Spells: 2/2 levels left

rFire   . . .      SeeInvis .     - Unarmed
rCold   + . .      Faith    .   (no shield)
rNeg    + + +      Spirit   .   b - +0 ring mail
rPois   ∞          Reflect  .   (no helmet)
rElec   .          Harm     .   (no cloak)
rCorr   .          Rampage  .   (no gloves)
Will    .....                   (no boots)
Stlth   +.........              (no amulet)
HPRegen 0.10/turn               (no ring)
MPRegen 0.08/turn               (no ring)

@: no status effects
A: claws 1, cold resistance 1, negative energy resistance 3, inhibited
regeneration, torment resistance 2
a: Renounce Religion, Channel Magic


You escaped.
You worshipped Sif Muna.
Sif Muna was pleased with you.
You visited 1 branch of the dungeon, and saw 1 of its levels.

You collected 24 gold pieces.

Inventory:

Armour
 b - a +0 ring mail (worn)
Scrolls
 c - a scroll of amnesia {unknown}
Potions
 a - 2 potions of curing {unknown}


   Skills:
 + Level 3.6 Fighting
 + Level 0.9 Armour
 + Level 3.0 Dodging
 - Level 2.1 Stealth
 + Level 3.6 Unarmed Combat
 + Level 0.7 Invocations


You had 2 spell levels left.
You didn't know any spells.
Your spell library was empty.

Dungeon Overview and Level Annotations

Branches:
Dungeon (1/15)

Altars:
Sif Muna


Innate Abilities, Weirdness & Mutations

You thrive by killing the living.
You are immune to poison.
You have sharp fingernails.
Your flesh is cold resistant. (rC+)
You are immune to negative energy. (rN+++)
You do not regenerate when monsters are visible.
You are immune to unholy pain and torment.


Message History

You see here a frilled lizard corpse.
c - a scroll labelled IGOLOUX OT WEARA
Found a faded altar of an unknown god.
A dart slug and a frilled lizard come into view.
The frilled lizard hisses angrily.
The frilled lizard moves out of view.
A dart slug is nearby!
You scratch the dart slug.
The dart slug is heavily wounded.
The dart slug bites you but does no damage.
You claw the dart slug!
You kill the dart slug!
The frilled lizard hisses.
Your Dodging skill increases to level 3!
The frilled lizard bites you but does no damage.
You scratch the frilled lizard.
You kill the frilled lizard!
No target in view!
No target in view!
No target in view!
No target in view!
No target in view!
No target in view!
No target in view!
There is a faded altar of an unknown god here.
You cannot tell which god this altar belongs to.
Convert to them anyway?
Sif Muna accepts your prayer! Sif Muna welcomes you!
You can now call upon Sif Muna for magical energy.
(D) Dungeon
Where to? (? - help)
What level of the Dungeon? (default 1, ? - help)
You see here 14 stones.
You see here a frilled lizard corpse.
You see here a quokka corpse.
Things that are here:
a +0 whip; a kobold skeleton
There is a staircase leading out of the dungeon here.
Are you sure you want to leave the Dungeon?
This will make you lose the game!
You have escaped!

≈≈≈§≈≈≈§≈§## #...#
≈≈≈≈§§§≈..§# #...#
≈§≈≈≈≈≈≈...# #.K.#
≈≈§≈≈≈≈....# #...#
≈§≈≈≈≈.....# #...#
§≈§≈.§..#..# #...#
≈.§.§...##.######...###
##.##.>....+...+..
...#@..##.###.#...###
.............###.###.#..
####..(...##............
#############.###.#.#
#.# #.#.# #.# #[#.# #.#
#.#.# #.# #.#.# #.#
#.#.#


There were no monsters in sight!

Vanquished Creatures
  2 dart slugs (D:1)
  3 ball pythons (D:1)
  4 bats (D:1)
  2 endoplasms (D:1)
  2 goblins (D:1)
  A hobgoblin (D:1)
  2 quokkas (D:1)
  3 frilled lizards (D:1)
  4 kobolds (D:1)
  2 rats (D:1)
25 creatures vanquished.

Notes
Turn   | Place    | Note
-------+----------+-------------------------------------------
     0 | D:1      | HallandMoats the Ghoul Monk began the quest for the Orb.
     0 | D:1      | Reached XP level 1. HP: 19/19 MP: 0/0
   186 | D:1      | Reached XP level 2. HP: 26/26 MP: 1/1
   430 | D:1      | Reached XP level 3. HP: 22/31 MP: 2/2
   588 | D:1      | Found a faded altar of an unknown god.
   598 | D:1      | Prayed at the altar of an unknown god.
   598 | D:1      | Became a worshipper of Sif Muna the Loreminder
   598 | D:1      | Reached * piety under Sif Muna
   598 | D:1      | Reached ** piety under Sif Muna
   662 | D:$      | Safely got out of the dungeon.

Illustrated notes

Levels and vault maps discovered:
D:1:      dpeg_arrival_lava_altar, layout_basic,
          chequers_ecumenical_altar_simple

Skill      XL: |  1  2  3 |
---------------+----------+-----
Dodging        | 3 |  3.0
Fighting       | |  3.6
Armour         | |  0.9
Stealth        | |  2.1
Unarmed Combat | |  3.6
Invocations    | |  0.7

Action                   || total
-------------------------++-------
Melee: Unarmed           ||    68
       Punch             ||     1
Armor: Robe              ||     5
       Ring mail         ||    22
Dodge: Dodged            ||    50
